 Dungeon Crawl Stone Soup version 0.21.1-1-g345015f (webtiles) character file.

5 Iko the Vexing (level 1, -6/13 HPs)
             Began as an Octopode Arcane Marksman on May 27, 2018.
             Was an Initiate of Nemelex Xobeh.
             Mangled by a black bear (9 damage)
             ... on level 9 of the Dungeon.
             The game lasted 00:02:18 (257 turns).

Iko the Vexing (Octopode Arcane Marksman)            Turns: 257, Time: 00:02:19

Health: -6/13      AC:  1    Str:  9    XL:     1   Next: 80%
Magic:  8/11       EV: 13    Int: 15    God:    Nemelex Xobeh [......]
Gold:   29         SH:  0    Dex: 12    Spells: 1/2 levels left

rFire    . . .     SeeInvis .   a - +0 hand crossbow
rCold    . . .     Gourm    .   (no shield)
rNeg     . . .     Faith    .   (helmet restricted)
rPois    .         Spirit   .   (no amulet)
rElec    .         Reflect  .   g - ring of magical power
rCorr    .         Harm     .   (no ring)
MR       .....                  (no ring)
Stlth    ++........             (no ring)
HPRegen  0.04/turn              (no ring)
MPRegen  0.12/turn              (no ring)
                                (no ring)
                                (no ring)

@: no status effects
A: almost no armour, stealthy swim, amphibious, 8 rings, constrict 8, camouflage
1, gelatinous body 1
a: Renounce Religion


You were on level 9 of the Dungeon.
You worshipped Nemelex Xobeh.
Nemelex Xobeh was noncommittal.
You were not hungry.

You visited 1 branch of the dungeon, and saw 6 of its levels.

You collected 29 gold pieces.

Inventory:

Hand Weapons
 a - a +0 hand crossbow (weapon)
Missiles
 c - 14 bolts (quivered)
Jewellery
 g - a ring of magical power (left tentacle)
Scrolls
 f - a scroll of remove curse
Potions
 b - a potion of lignification
Books
 e - a book of Debilitation

   Spells                             Type                      Level
   a - Corona                         Hexes                        1
   b - Slow                           Hexes                        2
   c - Inner Flame                    Hexes/Fire                   3
   d - Portal Projectile              Hexes/Translocation          3
   e - Cause Fear                     Hexes                        4
   f - Leda's Liquefaction            Hexes/Earth                  4
Comestibles
 d - a ration


   Skills:
 + Level 1.0 Fighting
 + Level 2.2 Crossbows
 + Level 2.0 Dodging
 + Level 1.0 Spellcasting
 + Level 3.2 Hexes


You had one spell level left.
You knew the following spells:

 Your Spells              Type           Power        Failure   Level  Hunger
a - Corona                Hex            ##.....      7%          1    ##.....


Dungeon Overview and Level Annotations

Branches:
Dungeon (4/15)
 Temple: D:4-7

Altars:
Nemelex Xobeh


Innate Abilities, Weirdness & Mutations

You cannot wear most types of armour.
You are very stealthy in the water. (Stealth+)
You are amphibious.
You can wear up to eight rings at the same time.
You can use your tentacles to constrict eight enemies at once.
Your skin changes colour to match your surroundings (Stealth+).
Your rubbery body absorbs attacks. (AC +1, EV +1)


Message History

The black bear bites you. The black bear closely misses you.
The black bear claws you.
Firing (i - inventory):
c - 16 bolts (quivered)
Press: ? - help, Shift-Dir - straight line, f - leopard gecko, p - black bear
Aim: a leopard gecko (clinging)
You shoot a bolt. The bolt hits the two-headed ogre.
The two-headed ogre is lightly wounded.
The two-headed ogre closely misses you. The two-headed ogre barely misses you.
The black bear bites you. The black bear claws you.
* * * LOW HITPOINT WARNING * * *
The black bear misses you.
Firing (i - inventory):
c - 15 bolts (quivered)
Press: ? - help, Shift-Dir - straight line, f/p - leopard gecko
Aim: a leopard gecko (clinging)
You shoot a bolt. The bolt hits the two-headed ogre.
The two-headed ogre is lightly wounded.
The black bear bites you!
Ouch! That really hurt!
You die...
Your body disappears without a glow. # #.###.####### #....(h@Ol..# #.#########.#

You could see a two-headed ogre, a black bear and a leopard gecko.

Vanquished Creatures
  3 goblins
  A kobold (D:1)
  A rat (D:2)
5 creatures vanquished.

Notes
Turn   | Place    | Note
-------+----------+-------------------------------------------
     0 | D:1      | Iko the Octopode Arcane Marksman began the quest for the Orb.
     0 | D:1      | Reached XP level 1. HP: 13/13 MP: 2/2
   227 | D:3      | Found a sparkling altar of Nemelex Xobeh.
   237 | D:3      | Became a worshipper of Nemelex Xobeh the Trickster
   245 | D:4      | Received a gift from Nemelex Xobeh
   250 | D:4      | You fall through a shaft for 2 floors!
   253 | D:6      | You fall through a shaft for 3 floors!
   253 | D:9      | Noticed a two-headed ogre
   253 | D:9      | Noticed a black bear
   257 | D:9      | Mangled by a black bear

Action                   || total
-------------------------++-------
 Fire: Hand crossbow     ||    12
 Cast: Corona            ||     1
  Use: Scroll            ||     2
       Potion            ||     1
Dodge: Dodged            ||     4
